 Dungeon Crawl Stone Soup version 0.24-a0-201-gf205589 (webtiles) character file.

Game seed: 11751656783837794291

4992 Borgoz the Skirmisher (level 10, 0/86 HPs)
             Began as a Ghoul Monk on Mar 22, 2019.
             Was a Priest of Ashenzari.
             Slain by a troll (9 damage)
             ... on level 9 of the Dungeon.
             The game lasted 00:19:21 (9911 turns).

Borgoz the Skirmisher (Ghoul Monk)                  Turns: 9911, Time: 00:19:21

Health: 0/86       AC:  7    Str: 16    XL:     10   Next: 54%
Magic:  13/14      EV: 13    Int:  8    God:    Ashenzari [***...]
Gold:   475        SH:  0    Dex: 11    Spells: 11/15 levels left

rFire    . . .     SeeInvis +   a - +1 dagger (venom)
rCold    + . .     Gourm    .   (no shield)
rNeg     + + +     Faith    .   d - +1 ring mail {MR+}
rPois    ∞         Spirit   .   (no helmet)
rElec    .         Reflect  .   (no cloak)
rCorr    .         Harm     .   (no gloves)
MR       ++...                  (no boots)
Stlth    ++........             (no amulet)
HPRegen  0.00/turn              t - ring of protection from magic
MPRegen  0.14/turn              (no ring)

@: confusing touch, rotting
A: rotting body, claws 1, carnivore, cold resistance 1, negative energy
resistance 3, inhibited regeneration, torment resistance, unbreathing
a: Curse Item, Scrying, Renounce Religion


You were on level 9 of the Dungeon.
You worshipped Ashenzari.
Ashenzari was most pleased with you.
You were not hungry.

You visited 2 branches of the dungeon, and saw 10 of its levels.

You collected 475 gold pieces.

Inventory:

Hand Weapons
 a - a +1 dagger of venom (weapon)
 b - a +1 dagger of speed
 q - a +1 vampiric dagger
 s - a +2 short sword of speed
Missiles
 u - 2 steel tomahawks (quivered)
 y - 7 tomahawks
Armour
 d - a +1 ring mail of magic resistance (worn)
Jewellery
 j - an uncursed ring of fire
 n - an uncursed ring of resist corrosion
 t - a ring of protection from magic (left claw)
Wands
 e - a wand of digging (12)
 g - a wand of flame (43)
 k - a wand of polymorph (20)
 o - a wand of acid (4)
Scrolls
 f - 4 scrolls of teleportation
 h - 7 scrolls of remove curse
 m - a scroll of vulnerability {unknown}
 B - a scroll of identify
Potions
 i - a potion of agility {unknown}
 l - a potion of might
 p - a potion of brilliance
 w - a potion of magic
 A - 2 potions of flight {unknown}
Comestibles
 c - 19 rations


   Skills:
 + Level 7.3 Fighting
 + Level 6.8 Short Blades
 + Level 5.3 Armour
 + Level 6.1 Dodging
 + Level 6.3 Stealth
 + Level 3.3 Spellcasting
 + Level 4.6 Hexes


You had 11 spell levels left.
You knew the following spells:

 Your Spells              Type           Power        Failure   Level  Hunger
a - Confusing Touch       Hex            #.....       9%          1    ##.....
b - Confuse               Hex            #.......     26%         3    ####...

Your spell library contained the following spells:

 Spells                   Type           Power        Failure   Level  Hunger
 Corona                   Hex            #......      9%          1    ##.....
 Tukima's Dance           Hex            #.......     26%         3    ####...
 Ensorcelled Hibernation  Hex/Ice        #.....       32%         2    ###....
 Animate Skeleton         Necr           N/A          50%         1    ##.....
 Apportation              Tloc           #.....       50%         1    ##.....
 Freeze                   Ice            #...         50%         1    ##.....
 Sandblast                Erth           #.....       50%         1    ##.....
 Summon Small Mammal      Summ           #...         50%         1    ##.....
 Dazzling Spray           Conj/Hex       #.....       54%         3    ####...
 Passwall                 Tmut/Erth      #.......     63%         2    ###....
 Throw Frost              Conj/Ice       #.....       63%         2    ###....
 Gell's Gravitas          Tloc           #.........   86%         3    ####...
 Ozocubu's Armour         Chrm/Ice       #.......     86%         3    ####...
 Stone Arrow              Conj/Erth      #.....       86%         3    ####...
 Petrify                  Tmut/Erth      #.......     99%         4    #####..
 Summon Ice Beast         Ice/Summ       #.......     99%         4    #####..
 Throw Icicle             Conj/Ice       #.......     99%         4    #####..
 Metabolic Englaciation   Hex/Ice        #.........   99%         5    ######.
 Yara's Violent Unravell  Hex/Tmut       #.........   99%         5    ######.
 Lee's Rapid Deconstruct  Erth           #.........   100%        5    ######.


Dungeon Overview and Level Annotations

Branches:
Dungeon (9/15)             Temple (1/1) D:5
   Lair: D:8-11         Orc: D:9-12

Altars:
Ashenzari
Cheibriados
Dithmenos
Elyvilon
Fedhas
Gozag
Hepliaklqana
Kikubaaqudgha
Makhleb
Nemelex Xobeh
Okawaru
Qazlal
Ru
Sif Muna
Trog
Uskayaw
Vehumet
Wu Jian
Xom
Yredelemnul
Zin
The Shining One

Shops:
D:5 [

Annotations:
D:7 2 runed translucent doors, Duffy's ghost, novice FoFi


Innate Abilities, Weirdness & Mutations

Your body is rotting away.
You thrive on raw meat.
You are immune to poison.
You have sharp fingernails.
You are carnivorous and can eat meat at any time.
Your flesh is cold resistant. (rC+)
You are immune to negative energy. (rN+++)
You do not regenerate when monsters are visible.
You are immune to unholy pain and torment.
You can survive without breathing.


Message History

The howler monkey is heavily wounded.
The howler monkey hoots and howls with incredible vigour!
You hear a shout!
You hear a bellow!
You hit the howler monkey.
The howler monkey looks as sick as possible!
The howler monkey is severely wounded.
You kill the howler monkey!
The troll bites you! The troll completely misses you. The troll claws you!
* * * LOW HITPOINT WARNING * * *
You are too injured to fight recklessly!
Casting: Confusing Touch (safe; 9% risk of failure)
Confirm with . or Enter, or press ? or * to list all spells.
Your claws begin to glow red.
The troll bites you.
* * * LOW HITPOINT WARNING * * *
The troll claws you.
* * * LOW HITPOINT WARNING * * *
The troll claws you!
* * * LOW HITPOINT WARNING * * *
You feel better. The troll bites you but does no damage. The troll claws you!
You die...

...# #..#....# ..(#
#.#####.## ...# ####.##
#..####### ...#
##.....## ##.##....#
...# ##.......##
#.......# ...#
#.^<......# ###.....#
.<.#
#....[....###.......#
...#
#.........##..##....###
...#
#.........T@.####(#...##
######.........####
#.###..#
.##............# #.#
##)# ....##.......<.#
#.# #<# ######.........#
#.# #.# * #.........#
#.# #.##### #.....[...#
#.# #....># #
##.......## ##.# #####.#
, ##.....## * #..# #.#


You could see a troll.

Vanquished Creatures
  A two-headed ogre (D:9)
  Sigmund (D:5)
  5 yaks
  2 water moccasins (D:9)
  3 sky beasts (D:9)
  6 ogres
  An ice beast (D:5)
  2 black bears
  A necrophage (D:8)
  A centaur (D:6)
  A big kobold (D:8)
  2 bullfrogs
  3 scorpions
  7 wights
  7 howler monkeys
  3 crimson imps
  2 bullfrog zombies
  4 hounds
  A jelly (D:9)
  4 orc priests
  6 orc wizards
  A bullfrog skeleton (D:4)
  3 centaur skeletons
  An iguana (D:7)
  Natasha (thrice) (D:3)
  6 worker ants
  2 hound skeletons
  A worker ant zombie (D:9)
  5 adders
  2 shadow imps
  An ooze (D:4)
  4 adder skeletons
  3 dart slugs
  3 leopard geckos
  16 orcs
  7 giant cockroaches
  12 hobgoblins
  10 jackals
  A quokka (D:4)
  A ball python (D:4)
  4 bats
  4 frilled lizards
  8 goblins
  A jackal skeleton (D:5)
  18 kobolds
  5 rats
185 creatures vanquished.

Vanquished Creatures (others)
  An orc wizard (D:3)
1 creature vanquished.

Grand Total: 186 creatures vanquished

Notes
Turn   | Place    | Note
-------+----------+-------------------------------------------
     0 | D:1      | Borgoz the Ghoul Monk began the quest for the Orb.
     0 | D:1      | Reached XP level 1. HP: 19/19 MP: 0/0
   654 | D:1      | Reached XP level 2. HP: 20/26 MP: 1/1
   911 | D:1      | Reached XP level 3. HP: 28/31 MP: 2/2
  1397 | D:2      | Reached skill level 1 in Armour
  1430 | D:2      | Found a faded altar of an unknown god.
  1990 | D:2      | Reached XP level 4. HP: 36/40 MP: 3/3
  2433 | D:3      | Found a basalt altar of Yredelemnul.
  2479 | D:3      | Found a deep blue altar of Sif Muna.
  2744 | D:3      | Noticed Natasha
  2754 | D:3      | Killed Natasha
  2754 | D:3      | Reached skill level 4 in Fighting
  2754 | D:3      | Reached XP level 5. HP: 35/46 MP: 4/4
  3159 | D:3      | Noticed Natasha
  3169 | D:3      | Killed Natasha
  3513 | D:3      | Noticed Natasha
  3525 | D:3      | Killed Natasha
  3837 | D:4      | Reached XP level 6. HP: 34/52 MP: 5/5
  4098 | D:4      | Found a snail-covered altar of Cheibriados.
  4196 | D:4      | Reached XP level 7. HP: 16/60 MP: 6/6
  4208 | D:4      | Reached skill level 5 in Short Blades
  4635 | D:5      | Entered Level 5 of the Dungeon
  4766 | D:5      | Reached skill level 5 in Fighting
  4781 | D:5      | Found a staircase to the Ecumenical Temple.
  4805 | Temple   | Entered the Ecumenical Temple
  4895 | Temple   | Became a worshipper of Ashenzari the Shackled
  4895 | Temple   | Reached * piety under Ashenzari
  4895 | Temple   | Reached ** piety under Ashenzari
  5027 | D:5      | Found a hide-covered altar of Uskayaw.
  5094 | D:5      | Found Aggaysiq's Armour Shoppe.
  5115 | D:5      | Noticed Sigmund
  5141 | D:5      | Killed Sigmund
  5156 | D:5      | Reached XP level 8. HP: 32/68 MP: 7/7
  5369 | D:6      | Learned a level 1 spell: Confusing Touch
  5620 | D:6      | Reached skill level 1 in Hexes
  5816 | D:6      | HP: 3/70 [wight/+5 dire flail (7)]
  6151 | D:6      | Reached skill level 1 in Spellcasting
  6532 | D:7      | Reached skill level 5 in Dodging
  6687 | D:7      | Reached skill level 6 in Fighting
  6690 | D:7      | Reached XP level 9. HP: 49/75 MP: 8/10
  6746 | D:7      | Learned a level 3 spell: Confuse
  6748 | D:7      | Found a large runed translucent door.
  6749 | D:7      | Found a large runed translucent door.
  6749 | D:7      | Noticed Duffy's ghost (novice FoFi)
  7257 | D:8      | Found an ancient bone altar of Kikubaaqudgha.
  7316 | D:8      | Reached skill level 5 in Stealth
  7497 | D:8      | Reached *** piety under Ashenzari
  7615 | D:8      | Found an opulent altar of Gozag.
  7696 | D:8      | Found a glowing silver altar of Zin.
  7696 | D:8      | Noticed an angel
  8865 | D:8      | Reached XP level 10. HP: 56/80 MP: 11/13
  9058 | D:9      | Noticed a two-headed ogre
  9102 | D:9      | Killed a two-headed ogre
  9102 | D:9      | Reached skill level 7 in Fighting
  9102 | D:9      | Reached skill level 5 in Armour
  9910 | D:9      | HP: 2/85 [troll (11)]
  9911 | D:9      | Slain by a troll

Levels and vault maps discovered:
D:1:      mrwooster_arrival_statue, layout_basic, minmay_indecisive_spiral
D:2:      layout_basic, chequers_ecumenical_altar_simple
D:3:      layout_basic, overflow_temple_1_default, led_sif_book, first_ration,
          uniq_natasha
D:4:      layout_gridville, cheibriados_altar_1, kennysheep_generic_room_14
D:5:      layout_rooms, lemuel_coloured_pillars_altar,
          minmay_temple_entry_arrows, serial_shops, shop, uniq_sigmund
D:6:      layout_rooms
D:7:      layout_rooms, ebering_ghost_disaster_area
D:8:      layout_basic, zin_angel, nicolae_gozag_seed_capital,
          lemuel_doored_altar
D:9:      layout_rooms
Temple:   regret_index_temple_waves

Skill      XL: |  1  2  3  4  5  6  7  8  9 10 |
---------------+-------------------------------+-----
Short Blades   | 3 4 5 6 |  6.8
Dodging        | 3 4 5 6 |  6.1
Armour         | 1 2 3 4 5 |  5.3
Fighting       | 4 5 6 7 |  7.3
Stealth        | 3 4 5 6 |  6.3
Hexes          | 2 4 |  4.6
Spellcasting   | 1 2 3 |  3.3

Action                   |  1- 3 |  4- 6 |  7- 9 | 10-12 || total
-------------------------+-------+-------+-------+-------++-------
Melee: Short sword       |   167 |     7 |   144 |       ||   318
       Dagger            |     6 |   196 |   468 |   238 ||   908
 Cast: Confusing Touch   |       |       |     4 |     6 ||    10
Evoke: Wand              |       |     4 |       |       ||     4
  Use: Potion            |     1 |     2 |     5 |     3 ||    11
       Scroll            |     3 |     3 |     6 |       ||    12
 Stab: Sleeping          |     4 |       |     2 |     1 ||     7
       Confused          |       |       |     3 |     3 ||     6
  Eat: Chunk             |    17 |     8 |    45 |    11 ||    81
Armor: Robe              |    38 |       |       |       ||    38
       Ring mail         |       |    48 |   175 |    42 ||   265
Dodge: Dodged            |   122 |    92 |   330 |    87 ||   631

Table legend:
 A = Non-vault XP
 B = Vault XP
 C = Vault XP percentage of total XP
 D = Non-vault monster count
 E = Vault monster count
 F = Vault count percentage of total count
                 A         B        C        D         E       F
            +---------+---------+-------+---------+---------+-------
      Total |    6823 |     309 |   4.3 |     178 |       8 |   4.3
            +---------+---------+-------+---------+---------+-------
        D:1 |      33 |       8 |  19.5 |      17 |       4 |  19.0
        D:2 |      44 |       0 |   0.0 |      18 |       0 |   0.0
        D:3 |     114 |      78 |  40.6 |      25 |       3 |  10.7
        D:4 |     548 |       0 |   0.0 |      23 |       0 |   0.0
        D:5 |     245 |     223 |  47.6 |      10 |       1 |   9.1
        D:6 |     805 |       0 |   0.0 |      17 |       0 |   0.0
        D:7 |     816 |       0 |   0.0 |      17 |       0 |   0.0
        D:8 |    1366 |       0 |   0.0 |      26 |       0 |   0.0
        D:9 |    2852 |       0 |   0.0 |      25 |       0 |   0.0
            +---------+---------+-------+---------+---------+-------
